 Dungeon Sprint DCSS version 0.20.1-1-g8b1a95d (webtiles) character file.

463 vishdafish the Grappler (level 6, -1/102 HPs)
             Began as a Troll Berserker on July 13, 2017.
             Was a Believer of Trog.
             Slain by a neqoxec (13 damage)
             ... summoned by a kobold demonologist
             ... while paralysed by a floating eye
             ... in the Dungeon (Sprint I: "Red Sonja").
             The game lasted 00:01:03 (163 turns).

vishdafish the Grappler (Troll Berserker)            Turns: 163, Time: 00:01:04

Health: -1/102     AC:  5    Str: 31    XL:     6   Next: 79%
Magic:  5/5        EV:  1    Int:  3    God:    Trog [**....]
Gold:   281        SH:  0    Dex: 11    Spells: 5/5 levels left

rFire    . . .     SeeInvis .     - Unarmed
rCold    . . .     Gourm    +   (no shield)
rNeg     . . .     Faith    .   a - +0 animal skin
rPois    .         Spirit   .   (helmet restricted)
rElec    .         Reflect  .   (no cloak)
rCorr    .         Harm     .   (gloves unavailable)
MR       .....     NoTele   +   (boots unavailable)
Stlth    ..........             (no amulet)
Regen    0.7/turn               (no ring)
MPRegen  0.1/turn               (no ring)

@: paralysed, berserking (expiring), lethally poisoned (-1 -> -28), weakened
A: unfitting armour, claws 3, fast metabolism 3, gourmand, regeneration 1,
shaggy fur 1, tough skin 2
a: Berserk, Trog's Hand, Burn Spellbooks, Renounce Religion


You were in the Dungeon.
You worshipped Trog.
Trog was pleased with you.
You were not hungry.

You visited 1 branch You collected 281 gold pieces.

Inventory:

Armour
 a - a +0 animal skin (worn)
Wands
 i - a wand of polymorph (15/24)
Scrolls
 h - a scroll of blinking
Potions
 c - a potion of curing
 d - a potion of heal wounds
 e - a potion of haste
 f - 3 potions of magic
 g - a potion of berserk rage
Comestibles
 b - 2 bread rations


   Skills:
 + Level 6.7 Fighting
 + Level 6.7 Dodging
 * Level 10.5 Unarmed Combat


You had 5 spell levels left.
You didn't know any spells.

Dungeon Overview and Level Annotations

Branches:
Dungeon (1/1)

Altars:
Makhleb
Sif Muna
Vehumet
Xom
Jiyva
Lugonu


Innate Abilities, Weirdness & Mutations

You are too large for most types of armour.
You have claws for hands.
Your metabolism is lightning-fast.
You like to eat raw meat.
Your natural rate of healing is unusually fast.
You are covered in fur. (AC +1)
You have very tough skin. (AC +2)


Message History

The kobold demonologist hits you but does no damage.
The orange demon stings you! The orange demon hits you!
You feel as though you will be weak longer.
The neqoxec hits you!
* * * LOW HITPOINT WARNING * * *
The kobold demonologist hits you but does no damage.
The orange demon stings you.
* * * LOW HITPOINT WARNING * * *
You are poisoned.
The orange demon poisons you! The orange demon hits you.
* * * LOW HITPOINT WARNING * * *
The neqoxec gestures.
The kobold demonologist hits you but does no damage.
You feel sick. The orange demon stings you!
* * * LOW HITPOINT WARNING * * *
You are lethally poisoned!
The orange demon poisons you! The orange demon hits you.
* * * LOW HITPOINT WARNING * * *
The neqoxec hits you!
You die...

####################
)..#..'..#__#..5@KK#
#..').#..'..'..#435#
##'#####'#__####G..+
#..# #)#### #####
#### ##.# #..+
+..._# #_.#+# ##+


You could see an orange demon, 2 kobold demonologists, a neqoxec, a floating
eye, an iron imp and a crimson imp.

Vanquished Creatures
  A slime creature (D)
  Sigmund (D)
  An ogre (D)
  A jelly (D)
  Ijyb (D)
5 creatures vanquished.

Notes
Turn   | Place    | Note
-------+----------+-------------------------------------------
     0 | D        | vishdafish the Troll Berserker began the quest for the Orb.
     0 | D        | Reached XP level 1. HP: 22/22 MP: 0/0
     1 | D        | Noticed Ijyb
     5 | D        | Killed Ijyb
     5 | D        | Reached skill level 4 in Unarmed Combat
     5 | D        | Reached XP level 2. HP: 31/31 MP: 1/1
     9 | D        | Noticed an ogre
    12 | D        | Killed an ogre
    12 | D        | Reached skill level 6 in Unarmed Combat
    12 | D        | Reached XP level 3. HP: 40/40 MP: 2/2
    12 | D        | Reached XP level 4. HP: 49/49 MP: 3/3
    44 | D        | Noticed Sigmund
    51 | D        | Killed Sigmund
    51 | D        | Reached ** piety under Trog
    51 | D        | Reached skill level 5 in Fighting
    51 | D        | Reached skill level 5 in Dodging
    51 | D        | Reached skill level 9 in Unarmed Combat
    51 | D        | Reached XP level 5. HP: 53/59 MP: 4/4
    65 | D        | Found a deep blue altar of Sif Muna.
    67 | D        | Found a radiant altar of Vehumet.
    73 | D        | Reached XP level 6. HP: 41/67 MP: 5/5
   135 | D        | Found a burning altar of Makhleb.
   135 | D        | Found a viscous altar of Jiyva.
   135 | D        | Found a shimmering altar of Xom.
   135 | D        | Found a corrupted altar of Lugonu.
   135 | D        | Noticed a slime creature
   140 | D        | Killed a slime creature
   140 | D        | Reached skill level 10 in Unarmed Combat
   154 | D        | Noticed a kobold demonologist
   156 | D        | Noticed a kobold demonologist
   156 | D        | Noticed a neqoxec
   156 | D        | Noticed an orange demon
   156 | D        | Noticed a floating eye
   159 | D        | Paralysed by a floating eye for 4 turns
   163 | D        | Slain by a neqoxec

Skill      XL: |  1  2  3  4  5  6 |
---------------+-------------------+-----
Fighting       | 3 4 5 6 |  6.7
Dodging        | 3 4 5 6 |  6.7
Unarmed Combat | 4 6 9 10 | 10.5

Action                   |  1- 3 |  4- 6 || total
-------------------------+-------+-------++-------
Melee: Unarmed           |     5 |    15 ||    20
Invok: Berserk           |     1 |     1 ||     2
 Stab: Sleeping          |       |     1 ||     1
Armor: Animal skin       |     1 |     1 ||     2
Dodge: Dodged            |     1 |     8 ||     9
